 Dungeon Crawl Stone Soup version 0.26.0-18-gc5c842f807 (webtiles) character file.

Game seed: 16732997925197199489

205199 Flure the Warrior (level 19, -12/159 HPs)
             Began as a Formicid Fighter on Jan 23, 2021.
             Was the Champion of the Shining One.
             Mangled by a 12-headed hydra (17 damage)
             ... on level 2 of the Swamp.
             The game lasted 00:58:56 (29455 turns).

Flure the Warrior (Formicid Fighter)               Turns: 29455, Time: 00:58:56

Health: -12/159    AC: 24    Str: 25    XL:     19   Next: 38%
Magic:  35/35      EV: 14    Int: 15    God:    the Shining One [******]
Gold:   2470       SH: 17    Dex: 20    Spells: 18/18 levels left

rFire    + + .     SeeInvis +   w - +4 lajatang of Indomitability {elec, Will+ MP+9 Int+5}
rCold    . . .     Faith    .   W - +2 kite shield
rNeg     + + +     Spirit   .   t - +1 plate armour {rF+}
rPois    +         Reflect  .   (helmet unavailable)
rElec    .         Harm     .   Z - +2 cloak
rCorr    .         Rampage  .   L - +0 pair of gloves
Will     ++...                  g - +0 pair of boots of Sunlight {rF+ Str+4}
Stlth    ..........             X - amulet of Tizaheim {Regen+ Dex+4 Slay+5}
HPRegen  0.76/turn              V - ring of poison resistance
MPRegen  0.24/turn              y - +4 ring of slaying

@: glowing
A: permanent stasis, dig shafts and tunnels, four strong arms, antennae 3
}: 1/15 runes: serpentine
a: Dig, Shaft Self, Renounce Religion, Divine Shield, Cleansing Flame, Summon
Divine Warrior, Brand Weapon With Holy Wrath


You were on level 2 of the Swamp.
You worshipped the Shining One.
The Shining One was exalted by your worship.
You visited 5 branches of the dungeon, and saw 29 of its levels.
You also visited: Sewer and Bailey.

You collected 4057 gold pieces.
You spent 1587 gold pieces at shops.

Inventory:

Hand Weapons
 a - a +2 vorpal quarterstaff
 w - the +4 lajatang of Indomitability (weapon) {elec, Will+ MP+9 Int+5}
   (You acquired it on level 4 of the Dungeon)

   Occasionally, upon striking a foe, it can discharge electrical energy and
   cause terrible harm.
   It affects your intelligence (+5).
   It affects your willpower, your defense against some magical effects.
   It affects your magic capacity (+9).
Missiles
 c - 10 curare-tipped darts
 f - 17 javelins (quivered)
 i - 657 bolts
 o - 2 boomerangs of dispersal
 x - 8 atropa-tipped darts
 J - 1002 arrows
 Q - 4 throwing nets
Armour
 g - the +0 pair of boots of Sunlight (worn) {rF+ Str+4}
   (You acquired it in a bailey)

   It affects your strength (+4).
   It protects you from fire.
 t - a +1 plate armour of fire resistance (worn)
 L - a +0 pair of gloves (worn)
 O - the +1 chain mail of Dogmatism {Regen+ Int+2 Dex-2 Slay+3}
   (You found it on level 7 of the Dungeon)

   It affects your intelligence (+2).
   It affects your dexterity (-2).
   It affects your accuracy and damage with ranged weapons and melee attacks
   (+3).
   It increases your rate of regeneration.
 W - a +2 kite shield (worn)
 Z - a +2 cloak (worn)
Jewellery
 b - an uncursed ring of fire
 r - a +6 ring of strength
 y - a +4 ring of slaying (right hand)
 z - a +4 ring of evasion
 N - an uncursed ring of willpower
 T - an uncursed ring of protection from cold
 V - a ring of poison resistance (left hand)
 X - the amulet of Tizaheim (around neck) {Regen+ Dex+4 Slay+5}
   (You bought it in a shop on level 4 of the Dungeon)

   [amulet of regeneration]

   It affects your dexterity (+4).
   It affects your accuracy and damage with ranged weapons and melee attacks
   (+5).
   It increases your rate of regeneration.
 Y - an uncursed ring of protection from cold
Wands
 A - a wand of acid (28)
 C - a wand of paralysis (4)
 G - a wand of iceblast (35)
 H - a wand of flame (31)
 R - a wand of disintegration (12)
 S - a wand of enslavement (18)
Scrolls
 e - 22 scrolls of remove curse
 k - 13 scrolls of identify
 m - a scroll of immolation
 p - 6 scrolls of enchant armour
 v - a scroll of acquirement
 D - 2 scrolls of fear
 M - 4 scrolls of enchant weapon
 P - 2 scrolls of silence
 U - 3 scrolls of magic mapping
Potions
 d - 13 potions of might
 h - a potion of resistance
 j - 6 potions of brilliance
 l - 8 potions of heal wounds
 n - 11 potions of flight
 q - 5 potions of magic
 s - 15 potions of ambrosia
 u - 2 potions of cancellation
 B - 2 potions of mutation
 E - 4 potions of attraction
 F - 8 potions of curing
 K - 5 potions of lignification


   Skills:
 + Level 16.6 Fighting
 - Level 16.0 Staves
 - Level 0.8 Throwing
 + Level 14.8 Armour
 - Level 10.0 Dodging
 - Level 2.0 Stealth
 + Level 16.0 Shields
 - Level 10.0 Invocations
 - Level 9.0 Evocations


You had 18 spell levels left.
You didn't know any spells.
Your spell library contained the following spells:

 Spells                   Type           Power        Failure   Level
 Animate Skeleton         Necr           0%           89%         1
 Apportation              Tloc           0%           89%         1
 Beastly Appendage        Tmut           0%           89%         1
 Corona                   Hex            0%           89%         1
 Magic Dart               Conj           0%           89%         1
 Sandblast                Erth           0%           89%         1
 Summon Small Mammal      Summ           0%           89%         1
 Corpse Rot               Necr/Air       N/A          96%         2
 Passwall                 Tmut/Erth      0%           96%         2
 Poisonous Vapours        Pois/Air       0%           96%         2
 Searing Ray              Conj           0%           96%         2
 Wereblood                Tmut           0%           96%         2
 Dazzling Flash           Conj/Hex       0%           99%         3
 Mephitic Cloud           Conj/Pois/Air  0%           99%         3
 Ozocubu's Armour         Ice            0%           99%         3
 Spider Form              Tmut/Pois      0%           99%         3
 Stone Arrow              Conj/Erth      0%           99%         3
 Fulminant Prism          Conj/Hex       0%           100%        4
 Ice Form                 Ice/Tmut       0%           100%        4
 Iskenderun's Mystic Bla  Conj/Tloc      0%           100%        4
 Petrify                  Tmut/Erth      0%           100%        4
 Summon Ice Beast         Ice/Summ       0%           100%        4
 Summon Lightning Spire   Summ/Air       0%           100%        4
 Blade Hands              Tmut           0%           100%        5
 Lee's Rapid Deconstruct  Erth           0%           100%        5
 Silence                  Hex/Air        0%           100%        5
 Conjure Ball Lightning   Conj/Air       0%           100%        6
 Tornado                  Air            0%           100%        9


Dungeon Overview and Level Annotations

Branches:
Dungeon (15/15)            Temple (0/1) D:6            Lair (6/6) D:9
  Swamp (2/4) Lair:2        Snake (4/4) Lair:4        Slime (0/5) Lair:6
    Orc (2/2) D:11            Elf (0/3) Orc:2        Vaults (0/5) D:13
 Depths (0/5) D:15          Sewer (visited)          Bailey (visited)

Altars:
Dithmenos
Fedhas
Kikubaaqudgha
Nemelex Xobeh
Okawaru
Ru
Uskayaw
Vehumet
Xom
Yredelemnul
Zin
The Shining One
Beogh
Jiyva

Shops:
D:4 =   D:7 [   Orc:2 ![([

Annotations:
D:5 , 2 runed translucent doors


Innate Abilities, Weirdness & Mutations

You cannot be hasted, slowed, berserked, paralysed or teleported.
You can dig through walls and to a lower floor.
Your four strong arms can wield two-handed weapons with a shield.
You have a pair of large antennae on your head. (SInv)


Message History

You block the 11-headed hydra's attack. The 11-headed hydra bites you! x2
* * * LOW HITPOINT WARNING * * *
You block the 11-headed hydra's attack.
You hack one of the 11-headed hydra's heads off!
The ten-headed hydra grows two more!
You slash the 12-headed hydra!
Lightning courses through the 12-headed hydra!
The 12-headed hydra is severely wounded.
You block the 12-headed hydra's attack.
The 12-headed hydra bites you but does no damage.
You block the 12-headed hydra's attack. The 12-headed hydra misses you.
You block the 12-headed hydra's attack.
The 12-headed hydra bites you but does no damage.
The 12-headed hydra bites you!
* * * LOW HITPOINT WARNING * * *
The 12-headed hydra bites you!!
* * * LOW HITPOINT WARNING * * *
The 12-headed hydra closely misses you.
The 12-headed hydra bites you but does no damage.
The 12-headed hydra barely misses you. The 12-headed hydra bites you!
You die...

≈≈ .≈≈ ♣...
♣♣♣...≈ ♣♣......♣
♣♣♣♣ ♣.≈≈≈≈≈.≈ ♣♣
♣≈..♣♣.≈≈≈≈≈..
♣..≈≈≈≈≈
♣♣≈♣♣.≈≈..@≈..≈≈..
.≈≈..≈..
♣≈≈≈.≈≈.≈≈D♣♣♣.§..
♣..≈≈...
♣♣≈§≈.≈§..≈.♣
♣...♣♣♣.≈≈≈≈§≈
♣♣≈≈≈≈......≈♣
♣♣......≈≈≈≈§≈
.≈..≈≈..§....♣
♣.≈≈≈≈.....≈≈≈
.≈≈≈..§≈....≈♣
♣.§≈≈≈≈.≈≈≈≈≈≈
.....≈§≈.♣†≈♣♣
♣§..§≈≈.≈≈.†≈<
..≈≈≈≈≈≈..)♣♣
♣♣..≈≈........
≈≈≈≈≈≈≈≈.≈≈.♣♣
♣♣♣≈..≈≈≈.♣≈≈


You could see a 12-headed hydra (strong).

Vanquished Creatures
  Nikola (Swamp:2)
  The ghost of Name63 the Gnoll Aeon, an adept GnCj of Cheibriados (Snake:3)
  Rupert (Lair:4)
  Gastronok (D:11)
  Kirke (Snake:1)
  13 nagarajas
  Aizul (Snake:1)
  3 orc warlords
  A stone giant (Orc:2)
  Azrael (Snake:1)
  A bunyip (Swamp:2)
  An eleionoma (Swamp:1)
  A fire dragon (Lair:6)
  A shambling mangrove (D:12)
  Josephine (D:11)
  An ogre mage (D:15)
  2 boulder beetles
  4 vault guards (D:13)
  13 naga warriors
  11 hydras
  A catoblepas (Lair:6)
  2 rakshasas
  8 anacondas
  10 two-headed ogres
  4 alligators
  A ghost crab (Swamp:1)
  3 death yaks (Lair:6)
  6 centaur warriors
  An orc high priest (Orc:1)
  3 tengu warriors
  3 spriggans
  10 naga sharpshooters
  A shock serpent (Snake:4)
  5 skeletal warriors (D:15)
  A fire crab (shapeshifter) (D:15)
  4 salamander mystics
  8 naga ritualists
  2 spriggan druids
  A wizard (D:13)
  A glowing orange brain (D:15)
  5 goliath frogs
  An unseen horror (D:13)
  A swamp dragon (Lair:6)
  4 lindwurms (Lair:6)
  Pikel (D:9)
  7 mana vipers
  8 orc knights
  3 deep elf magi
  8 ugly things (D:15)
  5 salamanders
  5 manticores
  An oklob plant (D:12)
  2 will-o-the-wisps (Swamp:1)
  2 orc sorcerers
  Maurice (D:9)
  10 elephants
  31 black mambas
  Psyche (D:11)
  5 guardian serpents
  Joseph (D:7)
  A torpor snail (Lair:2)
  12 cane toads
  10 naga magi
  4 gargoyles
  3 rime drakes (Lair:6)
  2 kobold demonologists
  An anaconda simulacrum (Snake:3)
  A yaktaur (D:13)
  An efreet (D:13)
  12 komodo dragons
  3 tengu conjurers
  A queen bee (D:14)
  A bloated husk (Swamp:1)
  A merfolk (shapeshifter) (D:15)
  A tyrant leech (Swamp:1)
  9 trolls
  3 meliai (D:14)
  5 polar bears
  3 hornets
  11 blink frogs
  5 slime creatures (D:15)
  2 dream sheep (Lair:6)
  3 spectral nagas (Snake:3)
  2 spectral black mambas (Snake:3)
  A shock serpent simulacrum (Snake:3)
  A shadow (D:12)
  5 wyverns
  3 vampires
  5 redbacks (D:12)
  3 fire elementals (Snake:1)
  60 yaks
  6 wraiths
  A human (D:13)
  7 basilisks
  9 vampire mosquitoes
  Grum (D:11)
  5 wargs
  Menkaure (D:4)
  12 water moccasins
  40 nagas
  4 acid dragons
  A floating eye (D:12)
  4 swamp worms (Swamp:1)
  3 hell hounds (Snake:1)
  5 swamp drakes
  6 sky beasts
  A guardian serpent simulacrum (Snake:3)
  58 orc warriors
  3 phantoms
  2 eyes of draining
  7 ice beasts
  2 black bears
  11 wolves
  10 ogres
  31 centaurs
  2 lemures (D:9)
  The ghost of akumoriri the Insei, an amateur OpTm (D:5)
  9 big kobolds
  22 bullfrogs
  A gnoll sergeant (D:7)
  4 scorpions
  A ballistomycete (D:12)
  3 wights (D:7)
  28 killer bees
  An electric eel (Lair:4)
  5 howler monkeys (D:12)
  A quasit (D:9)
  4 jellies
  2 centaur zombies
  19 orc priests
  A bullfrog skeleton (D:11)
  3 hounds
  24 orc wizards
  4 centaur skeletons
  Ijyb (D:4)
  9 iguanas
  A hell rat (D:7)
  12 worker ants
  A killer bee zombie (D:8)
  2 hound skeletons
  A howler monkey zombie (D:11)
  23 gnolls
  A worker ant zombie (D:11)
  16 adders
  4 naga simulacra (Snake:3)
  7 river rats
  4 shadow imps
  3 ufetubi
  8 oozes
  An adder zombie (D:6)
  3 worms
  3 dart slugs (D:1)
  8 leopard geckos
  125 orcs
  15 bats
  6 giant cockroaches
  32 goblins
  14 hobgoblins
  7 jackals
  48 kobolds
  7 quokkas
  3 ball pythons
  5 frilled lizards
  A jackal skeleton (D:4)
  7 kobold skeletons (D:10)
  11 kobold zombies (D:10)
  3 leopard gecko skeletons
  A leopard gecko zombie (D:5)
  18 rats
1188 creatures vanquished.

Vanquished Creatures (others)
  A komodo dragon (Lair:6)
  A bloated husk (Swamp:2)
  A vampire mosquito (D:13)
  An orc warrior (Orc:2)
  An ogre (Orc:2)
  A bullfrog (D:15)
  An orc (Orc:2)
  3 ballistomycete spores (D:12)
  6 foxfires (Swamp:1)
  31 fungi
  43 plants
90 creatures vanquished.

Grand Total: 1278 creatures vanquished

Notes
Turn   | Place    | Note
-------+----------+-------------------------------------------
     0 | D:1      | Flure the Formicid Fighter began the quest for the Orb.
     0 | D:1      | Reached XP level 1. HP: 18/18 MP: 1/1
   157 | D:1      | Reached XP level 2. HP: 24/24 MP: 2/2
   292 | D:1      | Reached XP level 3. HP: 27/29 MP: 3/3
   733 | D:2      | Found a radiant altar of Vehumet.
   812 | D:2      | Found a glowing golden altar of the Shining One.
   857 | D:2      | Found a sparkling altar of Nemelex Xobeh.
   908 | D:2      | Became a worshipper of the Shining One
   978 | D:2      | Reached XP level 4. HP: 28/37 MP: 4/4
  1325 | D:2      | Found a glowing silver altar of Zin.
  1327 | D:2      | Found a glowing golden altar of the Shining One.
  1859 | D:3      | Found a sacrificial altar of Ru.
  1878 | D:3      | Reached XP level 5. HP: 31/42 MP: 5/5
  2690 | D:4      | Noticed Menkaure
  2692 | D:4      | Noticed Ijyb
  2699 | D:4      | Killed Menkaure
  2700 | D:4      | Reached skill level 5 in Shields
  2700 | D:4      | Reached XP level 6. HP: 16/49 MP: 6/6
  2706 | D:4      | Killed Ijyb
  2994 | D:4      | Found Gigeu's Jewellery Boutique.
  3078 | D:4      | Reached XP level 7. HP: 51/55 MP: 7/7
  3096 | D:4      | Reached skill level 5 in Staves
  3187 | D:4      | Found a basalt altar of Yredelemnul.
  3188 | D:4      | Found an iron altar of Okawaru.
  3253 | D:4      | Reached * piety under the Shining One
  3398 | D:5      | Entered Level 5 of the Dungeon
  3398 | D:5      | Found a transporter.
  3423 | D:5      | Found a transporter.
  3424 | D:5      | Noticed akumoriri's ghost (amateur OpTm)
  3426 | D:5      | Identified the +6 great mace of the Glowing Seeker {vamp,
                  | Int+3 SInv}
  3434 | D:5      | Found a shimmering altar of Xom.
  3435 | D:5      | Found a hide-covered altar of Uskayaw.
  3462 | D:5      | Reached skill level 5 in Fighting
  3668 | D:5      | Found a blossoming altar of Fedhas.
  3729 | D:5      | Found a large runed translucent door.
  3730 | D:5      | Found a large runed translucent door.
  3735 | D:5      | Found a large runed translucent door.
  3735 | D:5      | Found a large runed translucent door.
  3785 | D:5      | Reached XP level 8. HP: 55/62 MP: 8/8
  4475 | D:5      | Reached ** piety under the Shining One
  4641 | D:5      | Identified the Disquisition on Frigorific Flight
  4868 | D:6      | Found a glowing drain.
  4902 | D:6      | Reached skill level 1 in Stealth
  4902 | D:6      | Reached XP level 9. HP: 49/69 MP: 9/9
  5074 | Sewer    | Entered a sewer
  5628 | D:6      | Found a staircase to the Ecumenical Temple.
  6001 | D:7      | Got a brightly glowing chain mail
  6154 | D:7      | Found the +2 ratskin cloak {*Rats rPois rN+ Str-1 Int-1
                  | Dex+1}
  6258 | D:7      | Found Quolam's Armour Boutique.
  6644 | D:7      | Noticed Joseph
  6660 | D:7      | Killed Joseph
  6837 | D:7      | Reached *** piety under the Shining One
  7107 | D:7      | Reached XP level 10. HP: 71/77 MP: 10/10
  7513 | D:8      | Reached skill level 10 in Staves
  7909 | D:8      | Noticed a two-headed ogre
  7931 | D:8      | Killed a two-headed ogre
  8736 | D:8      | Identified the +1 chain mail of Dogmatism {Regen+ Int+2
                  | Dex-2 Slay+3} (You found it on level 7 of the Dungeon)
  8842 | D:9      | Noticed Pikel
  8862 | D:9      | Killed Pikel
  9021 | D:9      | Found a staircase to the Lair.
  9107 | D:9      | Noticed Maurice
  9117 | D:9      | Killed Maurice
  9118 | D:9      | Reached skill level 10 in Shields
  9118 | D:9      | Reached XP level 11. HP: 79/86 MP: 11/11
  9257 | D:10     | Entered Level 10 of the Dungeon
  9285 | D:10     | Noticed a two-headed ogre
  9294 | D:10     | Killed a two-headed ogre
  9485 | D:10     | Found a flagged portal.
  9527 | Bailey   | Entered a bailey
  9775 | Bailey   | Noticed an orc knight
  9775 | Bailey   | Noticed an orc warlord
  9791 | Bailey   | Killed an orc warlord
  9804 | Bailey   | Killed an orc knight
  9849 | Bailey   | Identified 2 scrolls of acquirement
  9849 | Bailey   | Acquired the +0 pair of boots of Sunlight {rF+ Str+4}
  9996 | D:10     | Reached **** piety under the Shining One
 10000 | D:10     | Found an ancient bone altar of Kikubaaqudgha.
 10003 | D:10     | Noticed a soul eater
 10034 | D:10     | Reached ***** piety under the Shining One
 10504 | D:11     | Reached skill level 1 in Evocations
 10519 | D:11     | Reached skill level 1 in Invocations
 10519 | D:11     | Reached XP level 12. HP: 81/95 MP: 12/12
 10542 | D:11     | Noticed a centaur warrior
 10549 | D:11     | Reached skill level 1 in Dodging
 10555 | D:11     | Killed a centaur warrior
 10578 | D:11     | You fall into a shaft and drop 3 floors!
 10668 | D:14     | Noticed a centaur warrior
 10679 | D:14     | Killed a centaur warrior
 10842 | D:13     | Noticed a centaur warrior
 10855 | D:13     | Killed a centaur warrior
 10856 | D:13     | Reached skill level 5 in Armour
 10944 | D:13     | Found a gate leading to a gauntlet.
 10990 | D:13     | Reached skill level 10 in Fighting
 11063 | D:13     | Noticed an unseen horror
 11077 | D:13     | Killed an unseen horror
 11149 | D:13     | Noticed a centaur warrior
 11158 | D:13     | Killed a centaur warrior
 11345 | D:13     | Noticed a centaur warrior
 11355 | D:13     | Killed a centaur warrior
 11432 | D:13     | Noticed a vault guard
 11532 | D:12     | Found a roughly hewn altar of Beogh.
 11552 | D:12     | Reached XP level 13. HP: 66/104 MP: 16/16
 11568 | D:12     | Reached skill level 5 in Invocations
 11822 | D:12     | Reached skill level 5 in Evocations
 12341 | D:11     | Found a staircase to the Orcish Mines.
 12378 | D:11     | Noticed a boulder beetle
 12392 | D:11     | Killed a boulder beetle
 12422 | D:11     | Noticed Psyche
 12425 | D:11     | Killed Psyche
 12553 | D:11     | Noticed Grum
 12576 | D:11     | Noticed Josephine
 12577 | D:11     | Reached ****** piety under the Shining One
 12586 | D:11     | Killed Josephine
 12649 | D:11     | Noticed Gastronok
 12668 | D:11     | Killed Gastronok
 12669 | D:11     | Reached skill level 5 in Dodging
 13115 | D:11     | Killed Grum
 13411 | D:4      | Bought the amulet of Tizaheim {Regen+ Dex+4 Slay+5} for 929
                  | gold pieces
 13440 | D:4      | Acquired the +4 lajatang of Indomitability {elec, Will+
                  | MP+9 Int+5}
 13520 | D:5      | Killed akumoriri's ghost
 13636 | Lair:1   | Entered Level 1 of the Lair of Beasts
 14504 | Lair:2   | Reached XP level 14. HP: 113/113 MP: 19/19
 14660 | Lair:2   | Found a staircase to the Swamp.
 16329 | Lair:4   | Found a staircase to the Snake Pit.
 16344 | Lair:4   | Noticed Rupert
 16354 | Lair:4   | Killed Rupert
 16830 | Snake:1  | Entered Level 1 of the Snake Pit
 16921 | Lair:5   | Found a sacrificial altar of Ru.
 17514 | Lair:6   | Entered Level 6 of the Lair of Beasts
 17561 | Lair:6   | Reached XP level 15. HP: 103/122 MP: 20/20
 17717 | Lair:6   | Reached skill level 10 in Armour
 17828 | Lair:6   | Reached skill level 15 in Staves
 18727 | Lair:6   | Found a viscous altar of Jiyva.
 18727 | Lair:6   | Found a staircase to the Slime Pits.
 19297 | Orc:1    | Entered Level 1 of the Orcish Mines
 19343 | Orc:1    | Noticed an orc warlord
 19440 | Orc:1    | Killed an orc warlord
 19544 | Orc:1    | Noticed an orc warlord
 19572 | Orc:1    | Killed an orc warlord
 19573 | Orc:1    | Reached XP level 16. HP: 118/131 MP: 21/21
 19786 | Orc:2    | Entered Level 2 of the Orcish Mines
 20277 | Orc:2    | Found a staircase to the Elven Halls.
 20500 | Orc:2    | Found Macisifa's Weapon Emporium.
 20500 | Orc:2    | Found Niuxt's Armour Boutique.
 20502 | Orc:2    | Found Kaychud's Distillery.
 20504 | Orc:2    | Found Zicrexeots's Armour Shoppe.
 20511 | Orc:2    | Bought a potion of might for 56 gold pieces
 20511 | Orc:2    | Bought a potion of heal wounds for 70 gold pieces
 20511 | Orc:2    | Bought a potion of cancellation for 112 gold pieces
 20511 | Orc:2    | Bought a potion of heal wounds for 70 gold pieces
 20511 | Orc:2    | Bought a potion of lignification for 42 gold pieces
 20511 | Orc:2    | Bought a potion of flight for 42 gold pieces
 20511 | Orc:2    | Bought a potion of might for 56 gold pieces
 20511 | Orc:2    | Bought a potion of flight for 42 gold pieces
 20511 | Orc:2    | Bought a potion of mutation for 112 gold pieces
 20511 | Orc:2    | Bought a potion of might for 56 gold pieces
 21286 | D:13     | Found a gate to the Vaults.
 21542 | D:14     | Found a shadowy altar of Dithmenos.
 22145 | D:15     | Entered Level 15 of the Dungeon
 22280 | D:15     | Reached XP level 17. HP: 139/139 MP: 23/23
 22292 | D:15     | Found a staircase to the Depths.
 23216 | Snake:1  | Noticed Azrael
 23226 | Snake:1  | Killed Azrael
 23413 | Snake:1  | Noticed Kirke
 23421 | Snake:1  | Killed Kirke
 23512 | Snake:1  | Noticed Aizul
 23523 | Snake:1  | Killed Aizul
 24833 | Snake:2  | Reached skill level 10 in Invocations
 25469 | Snake:3  | Reached skill level 10 in Dodging
 25553 | Snake:3  | Found a runed translucent gate.
 25553 | Snake:3  | Found a runed translucent gate.
 25554 | Snake:3  | Found a runed translucent gate.
 25558 | Snake:3  | Noticed Name63's ghost (adept GnCj)
 25659 | Snake:3  | Reached XP level 18. HP: 148/148 MP: 25/25
 26145 | Snake:3  | Reached skill level 15 in Fighting
 26165 | Snake:3  | Killed Name63's ghost
 26224 | Snake:4  | Entered Level 4 of the Snake Pit
 27092 | Snake:4  | Reached skill level 15 in Shields
 27797 | Snake:4  | Reached XP level 19. HP: 126/157 MP: 26/26
 28078 | Snake:4  | Got a serpentine rune of Zot
 28472 | Swamp:1  | Entered Level 1 of the Swamp
 29334 | Swamp:2  | Noticed Nikola
 29349 | Swamp:2  | Killed Nikola
 29455 | Swamp:2  | HP: 5/159 [12-headed hydra (18)]
 29455 | Swamp:2  | Mangled by a 12-headed hydra

Illustrated notes

Levels and vault maps discovered:
D:1:      nagdon_arrival_zigzag_paths, layout_basic, minmay_tripent
D:2:      layout_loops_ring, nemelex_xobeh_ov_fountains_minmay,
          nicolae_overflow_hidden_temple, nicolae_tso_swordbearing_angel
D:3:      layout_basic, nicolae_ru_the_path_less_chosen
D:4:      layout_rooms, minitemple, serial_shops, shop, uniq_ijyb, uniq_menkaure
D:5:      layout_cave_pools, chequers_temple_overflow_statue_of_worship,
          gammafunk_ghost_smash, grunt_ministairs_8,
          minmay_hollow_rounded_squares
D:6:      layout_rooms, minmay_temple_entry_sparse_star,
          cheibrodos_sewer_entry_sluice
D:7:      wander_guarded_unrand_ratskin, layout_loops_corners, serial_shops,
          nicolae_shop_statue_plus, nrook_mini_vaults, uniq_joseph
D:8:      layout_basic, hangedman_decor_riveting, chequers_serial_rivers_room_a,
          minmay_starry_boxes
D:9:      layout_rooms, lair_entry_dummy, solitary_fountain, uniq_pikel,
          uniq_maurice
D:10:     wander_kiku_kobolds, layout_long_grid, enter_bailey_5
D:11:     wad_guarded_room, layout_basic, orc_0_dummy, grunt_ministairs_10,
          uniq_grum, uniq_psyche, uniq_josephine, uniq_gastronok
D:12:     layout_roguey [special_room_orc], drop_trap, grunt_ogre_cave,
          disabler_island
D:13:     layout_irregular_city, grunt_vaults_entry_fortified,
          gauntlet_entry_generic, nrook_pool_corridor, grunt_decor_junction
D:14:     layout_roguey, special_room [special_room_bee],
          grunt_dithmenos_smoke_and_mirrors
D:15:     gammafunk_enter_depths_forms, layout_long_grid, lemuel_flamethrower_3
Lair:1:   layout_cave_pods
Lair:2:   layout_loops_ring, minmay_swamp_entry_reptiles,
          infiniplex_staircase_pool_2, lemuel_fruit_fields
Lair:3:   layout_chaotic_city, st_stairs_9
Lair:4:   layout_gridlike, dummy_snake_entry, gammafunk_lair_bear_cave,
          uniq_rupert
Lair:5:   layout_roguey, amcnicky_altar_gilded, infiniplex_staircase_pool
Lair:6:   hangedman_lair_in_review, layout_cave_pods, guppyfry_lair_end_dragon,
          dpeg_slime_entry_enclosed_altar
Swamp:1:  layout_falls_marsh, evilmike_swamp_ruin_house_5, swamp_pool5
Swamp:2:  layout_basic_swamp, evilmike_swamp_ruin_rubble_1, swamp_pool4,
          st_swamp_ruins_2, uniq_louise, uniq_nikola
Snake:1:  layout_gridlike, nicolae_snake_squiggles, uniq_kirke, uniq_azrael,
          uniq_aizul
Snake:2:  layout_gridlike, statue_in_the_mist_lemuel, st_stairs_8
Snake:3:  layout_honeycomb, gammafunk_ghost_necromancy,
          fake_guardian_serpent_vault
Snake:4:  johnstein_snake_rune_scales, layout_cave_town
Orc:1:    layout_caves
Orc:2:    st_orc_rangers, layout_caves

Skill      XL: |  1  2  3  4  5  6  7  8  9 10 11 12 13 14 15 16 17 18 19 |
---------------+----------------------------------------------------------+-----
Shields        | 4 5 6 7 8 10 11 12 13 15 16 | 16.0
Staves         | 3 4 6 8 9 11 13 14 15 16 | 16.0
Fighting       | 4 5 6 7 9 10 11 12 13 14 16 | 16.6
Stealth        | 1 2 |  2.0
Evocations     | 1 4 6 8 9 |  9.0
Invocations    | 1 4 7 8 10 | 10.0
Dodging        | 3 5 6 7 8 10 | 10.0
Armour         | 5 7 9 10 11 12 14 | 14.8
Throwing       | |  0.8

Action                   |  1- 3 |  4- 6 |  7- 9 | 10-12 | 13-15 | 16-18 | 19-21 || total
-------------------------+-------+-------+-------+-------+-------+-------+-------++-------
Melee: Quarterstaff      |    84 |   145 |   449 |   619 |   303 |       |     6 ||  1606
       Lajatang          |       |       |       |       |   474 |  1021 |   133 ||  1628
Throw: Dart              |       |     3 |       |     2 |       |       |       ||     5
Invok: Divine Shield     |       |       |       |     1 |       |     1 |       ||     2
       Cleansing Flame   |       |       |       |       |       |     8 |       ||     8
 Abil: Dig               |     4 |     3 |     3 |     6 |    14 |    13 |       ||    43
       Shaft Self        |       |       |       |     1 |       |       |       ||     1
Evoke: Wand              |       |       |       |     2 |     5 |     9 |       ||    16
  Use: Scroll            |       |       |     6 |    16 |    13 |       |     2 ||    37
       Potion            |       |       |     1 |       |     1 |     1 |       ||     3
Armor: Scale mail        |    30 |    41 |   149 |    18 |       |       |       ||   238
       Chain mail        |       |       |       |   101 |   181 |   112 |       ||   394
       Plate armour      |       |       |       |       |       |    96 |    48 ||   144
Dodge: Dodged            |    41 |    60 |   130 |   107 |   247 |   384 |    43 ||  1012
Block: Kite shield       |    58 |    77 |   235 |   356 |   475 |   798 |   102 ||  2101
